Yev-Ruu, chaotic female vampiric Convict --------- |....(..| ........| --------- ...Z..| ##........| .aa.| ----------- # |.......| -@- ..........| #####........-# #_# |..`......| # ---------# # |..........####### # ## |.......<.| # --|- # ----------- # |0..-########################################## # |..>| # ########################### |`... ### #------.-- ----- # #-.......| ###|.......| #........| --------- Yev-Ruu the Jail-bird Experience level: 7 Strength: 16 Dexterity: 11 Constitution: 20 Intelligence: 8 Wisdom: 8 Charisma: 10 Health: 0(84) Energy: 42(42) AC: 7 Gold: 1177 Moves: 2848 Your Inventory: Coins $ - 1177 gold pieces Armor b - a cursed +0 striped shirt (being worn) d - an [uncursed] +0 iron skull cap [orcish helm] (being worn) k - a [blessed] +0 hooded cloak [dwarvish] (being worn) l - an [uncursed] +0 pair of hard shoes [iron] (being worn) Scrolls f - an [uncursed] scroll labeled PRIRUTSENIE [of light] j - an [uncursed] scroll labeled NR 9 [of create monster] o - an [uncursed] scroll labeled ACHAT SHTAYIM SHALOSH [of remove curse] w - an [uncursed] scroll labeled PRATYAVAYAH [of enchant armor] Potions i - a [cursed] potion of healing r - an [uncursed] bubbly potion [of sleeping] x - an [uncursed] murky potion [of levitation] Tools m - 4 [uncursed tallow] candles p - an [uncursed] blindfold q - an [uncursed +0] pick-axe t - an [uncursed] skeleton key Gems h - an [uncursed] stone called Touch [touchstone] v - an [uncursed] gem called 2real [chrysoberyl] Iron balls c - an [uncursed] heavy iron ball (chained to you) (weapon in hand) Spells known in the end: Name Level Category Fail Memory Your skills at the end: Fighting Skills Weapon Skills sling [Basic / Skilled] Spellcasting Skills Final Attributes: You were piously aligned. Hunger level was 0. Your alignment was 21 / 24. Monster difficulty range was 1 - 6. Level difficulty was 6. You were immune to poison. You were immune to level-drain. You were immune to sickness. You were punished. You could fly. You could survive without air. You regenerated. Your luck was zero. You are dead. Vanquished creatures: a leprechaun a rock piercer a yellow light 2 shriekers 4 gnome lords a red naga hatchling 5 dwarves a kobold lord 3 hill orcs a rothe a wererat 2 coyotes a hobbit 2 giant rats 2 cave spiders a brown mold a yellow mold a red mold 19 gnomes 5 garter snakes a gnome zombie 2 geckos 8 jackals a fox a goblin 3 sewer rats 2 grid bugs 2 lichens 2 kobold zombies 5 newts 82 creatures vanquished. Voluntary challenges: You went without food. You were illiterate. You never hit with a wielded weapon. You put on armor 4 times. You never genocided any monsters. You never polymorphed an object. You never changed form. You used no wishes. You abstained from Elbereth's help. You never encountered a bones level. You never used any Sokoban shortcuts. Dungeon overview: The Dungeons of Doom: levels 1 to 6 Level 1 a long staircase Level 2 a fountain stairs to The Gnomish Mines Level 3 a fountain Level 5 a fountain Level 6 <- You were here The Gnomish Mines: levels 3 to 4 Level 3 stairs to The Dungeons of Doom History has recorded: On T:1 you entered the Dungeons of Doom to retrieve the Amulet of Yendor! On T:108 you reached level 2 of The Dungeons of Doom. On T:252 you reached level 3 of The Dungeons of Doom. On T:301 you advanced to experience level 2. On T:648 you advanced to experience level 3. On T:766 you advanced to experience level 4. On T:776 you reached level 1 of The Gnomish Mines. On T:805 you advanced to experience level 5. On T:972 you advanced to experience level 6. On T:1230 you reached level 2 of The Gnomish Mines. On T:1633 you advanced to experience level 7. On T:1923 you reached level 4 of The Dungeons of Doom. On T:2261 you reached level 5 of The Dungeons of Doom. On T:2660 you reached level 6 of The Dungeons of Doom. Latest messages: You find a secret door. [7 turns] This door is locked. You succeed in unlocking the door. The door opens. The soldier ant bites! The soldier ant misses. The soldier ant bites! The soldier ant stings! The soldier ant bites! The soldier ant stings! The soldier ant bites! The soldier ant stings! You faint from lack of food. [HP-48=36] The soldier ant bites! The soldier ant stings! The soldier ant bites! The soldier ant stings! [HP-30=6] The soldier ant bites! You die... Final status: Goodbye Yev-Ruu the Convict... You died in The Dungeons of Doom on dungeon level 6 with 3002 points, and 1177 pieces of gold, after 2848 moves. You were level 7 with a maximum of 84 hit points when you died.